 Dungeon Crawl Stone Soup version 0.23.2-11-gf996548c65 (webtiles) character file.

Game seed: 3979073055524119980

17728 Aurelien the Fighter (level 12, -3/110 HPs)
             Began as a Hill Orc Fighter on June 2, 2019.
             Was a High Priest of Okawaru.
             Slain by Rupert
             ... wielding a +2 great sword of freezing
              (20 damage)
             ... on level 14 of the Dungeon on June 3, 2019.
             The game lasted 00:39:09 (14181 turns).

Aurelien the Fighter (Hill Orc Fighter)            Turns: 14181, Time: 00:39:09

Health: -3/110     AC: 20    Str: 24    XL:     12   Next: 51%
Magic:  12/12      EV:  9    Int: 11    God:    Okawaru [*****.]
Gold:   637        SH: 12    Dex: 10    Spells: 11/11 levels left

rFire    . . .     SeeInvis .   J - +5 long sword "Juobil" {flame, rN+}
rCold    . . .     Gourm    .   c - +0 shield
rNeg     + . .     Faith    .   L - +0 plate armour
rPois    .         Spirit   .   D - +0 helmet
rElec    .         Reflect  .   (no cloak)
rCorr    .         Harm     .   d - +1 pair of gloves of the Engineer {Int+3 Stlth+}
MR       .....                  G - +0 pair of boots
Stlth    ..........             v - amulet of the acrobat
HPRegen  0.28/turn              (no ring)
MPRegen  0.13/turn              (no ring)

@: no status effects
A: no striking features
a: Heroism, Finesse, Renounce Religion


You were on level 14 of the Dungeon.
You worshipped Okawaru.
Okawaru was extremely pleased with you.
You were not hungry.

You visited 2 branches of the dungeon, and saw 13 of its levels.

You collected 657 gold pieces.
You spent 20 gold pieces at shops.

Inventory:

Hand Weapons
 a - the +2 demon whip of Eternal Night {slash, rF+ rC+++ MR- Int+3, unknown}
   (Okawaru gifted it to you on level 12 of the Dungeon)

   It inflicts extra damage upon your enemies.
   It affects your intelligence (+3).
   It protects you from fire.
   It renders you almost immune to cold.
   It affects your resistance to hostile enchantments.
 n - a +0 flail of protection
 p - a +2 hand axe of flaming
 y - a +0 morningstar
 H - the +10 mace of Midnight {crush, *Rage rPois Dex+9}
   (You found it on level 5 of the Dungeon)

   It inflicts extra damage upon your enemies.
   It affects your dexterity (+9).
   It protects you from poison.
   It may make you go berserk in combat.
 J - the +5 long sword "Juobil" (weapon) {flame, rN+}
   (You found it on level 11 of the Dungeon)

   It has been specially enchanted to burn those struck by it, causing extra
   injury to most foes and up to half again as much damage against particularly
   susceptible opponents.
   Big, fiery blades are also staple armaments of hydra-hunters.
   It protects you from negative energy.
Armour
 c - a +0 shield (worn)
 d - the +1 pair of gloves of the Engineer (worn) {Int+3 Stlth+}
   (Okawaru gifted it to you on level 14 of the Dungeon)

   It affects your intelligence (+3).
   It makes you more stealthy.
 l - a +0 pair of gloves
 D - a +0 helmet (worn)
 G - a +0 pair of boots (worn)
 L - a +0 plate armour (worn)
Jewellery
 j - an uncursed amulet of the gourmand
 v - an amulet of the acrobat (around neck)
Wands
 q - a wand of iceblast (9)
 x - a wand of polymorph (6)
 E - a wand of digging (5)
 K - a wand of paralysis (9)
Scrolls
 b - a scroll of fog {unknown}
 i - a scroll of random uselessness {unknown}
 k - a scroll of teleportation
 m - a scroll of fear
 r - a scroll of immolation {unknown}
 s - 5 scrolls of amnesia
 w - 2 scrolls of magic mapping {unknown}
 A - a scroll of enchant weapon
 F - 2 scrolls of identify
 I - 2 scrolls of remove curse
 N - a scroll of noise {unknown}
Potions
 e - a potion of heal wounds {unknown}
 g - a potion of experience {unknown}
 h - a potion of brilliance {unknown}
 o - a potion of invisibility {unknown}
 t - a potion of cancellation {unknown}
 z - 3 potions of berserk rage {unknown}
 B - a potion of degeneration {unknown}
 C - a potion of resistance {unknown}
 M - a potion of agility {unknown}
 O - a potion of flight {unknown}
Comestibles
 f - 23 rations
 u - 7 chunks of flesh


   Skills:
 + Level 11.0 Fighting
 + Level 9.2 Long Blades
 - Level 0.3(4.4) Axes
 - Level 6.0 Maces & Flails
 + Level 10.7 Armour
 + Level 7.0 Dodging
 - Level 0.2 Stealth
 + Level 10.4 Shields


You had 11 spell levels left.
You didn't know any spells.
Your spell library contained the following spells:

 Spells                   Type           Power        Failure   Level  Hunger
 Magic Dart               Conj           #...         100%        1    ##.....
 Sandblast                Erth           #.....       100%        1    ##.....
 Summon Small Mammal      Summ           #...         100%        1    ##.....
 Call Imp                 Summ           #.......     100%        2    ###....
 Passwall                 Tmut/Erth      #.......     100%        2    ###....
 Call Canine Familiar     Summ           #.......     100%        3    ####...
 Stone Arrow              Conj/Erth      #.....       100%        3    ####...
 Summon Guardian Golem    Hex/Summ       #.......     100%        3    ####...
 Petrify                  Tmut/Erth      #.......     100%        4    #####..
 Summon Ice Beast         Ice/Summ       #.......     100%        4    #####..
 Summon Lightning Spire   Summ/Air       #.......     100%        4    #####..
 Lee's Rapid Deconstruct  Erth           #.........   100%        5    ######.


Dungeon Overview and Level Annotations

Branches:
Dungeon (14/15)            Temple (1/1) D:6             Orc (0/2) D:12
 Vaults (0/5) D:13
   Lair: D:8-11

Altars:
Ashenzari
Cheibriados
Dithmenos
Fedhas
Hepliaklqana
Kikubaaqudgha
Makhleb
Nemelex Xobeh
Okawaru
Qazlal
Ru
Sif Muna
Trog
Uskayaw
Vehumet
Wu Jian
Zin
The Shining One

Shops:
D:7 ?   D:12 =

Portals:
Ossuary: D:8

Annotations:
D:14 Frances, Rupert


Message History

Rupert goes berserk!
You hear a shout!
You block Rupert's attack. You block Rupert's attack.
Rupert hits you with a +2 great sword of freezing.
* * * LOW HITPOINT WARNING * * *
Rupert freezes you.
* * * LOW HITPOINT WARNING * * *
Rupert completely misses you.
There is an open door, spattered with blood here.
Items here: ( )))) [[ ÷ You see here 2 arrows.
Rupert closely misses you.
You riposte.
You hit Rupert but do no damage. Rupert misses you.
You block Rupert's attack. x2
You block Rupert's attack. Rupert completely misses you.
There is a stone staircase leading down here.
Rupert hits you with a +2 great sword of freezing!!
You die...

##.#....#......# #...#..#
#.#....# ..... #...#..+ #.+....#
..... #...#..# #.#....# .....
#...#..#
#.#....#......#########...#..#
##.'..###.................÷#..###
...####...................().....
..........# #...........#)....
..........# #@@.........###...
...>......# #.......^.....#.).
..........# #.............#...
+####.....# #.............#...
#.....# #...###########...
#.....# #...#............#
#.....######...#............#
#####....<.....#............#
############..?.........#


You could see Rupert (berserk).

Vanquished Creatures
  A hydra (D:14)
  A rakshasa (D:14)
  4 vault guards
  3 centaur warriors
  A two-headed ogre (D:12)
  3 ugly things (D:14)
  A cyclops (D:13)
  2 centaur skeletons (D:13)
  2 gargoyles
  2 kobold demonologists (D:12)
  3 hippogriffs
  A wraith (D:11)
  A wyvern (D:12)
  A shadow (D:13)
  A vampire (D:11)
  4 hogs (D:7)
  5 yaks (D:11)
  A human (D:7)
  3 hungry ghosts
  The ghost of appiemonkey the Skirmisher, an amateur OpFi (D:3)
  A soldier ant (D:11)
  Duvessa (D:5)
  3 orc warriors
  A sky beast (D:11)
  An ice beast (D:12)
  A hornet zombie (D:13)
  7 ogres
  A phantom (D:11)
  10 centaurs
  2 big kobolds
  4 bullfrogs
  A wyvern zombie (D:14)
  2 scorpions
  Dowan (D:5)
  A water moccasin skeleton (D:5)
  6 killer bees (D:11)
  3 howler monkeys
  2 jellies (D:11)
  A centaur zombie (D:6)
  6 crimson imps
  A bullfrog zombie (D:8)
  A quasit (D:13)
  4 orc priests
  6 hounds
  13 orc wizards
  A bullfrog skeleton (D:11)
  3 iguanas
  6 worker ants
  A hound skeleton (D:4)
  A worker ant zombie (D:6)
  7 gnolls
  10 adders
  3 shadow imps
  3 worms
  A dart slug (D:3)
  3 leopard geckos
  45 orcs
  5 giant cockroaches
  7 goblins
  10 hobgoblins
  7 jackals
  3 quokkas
  2 ball pythons
  7 bats
  8 frilled lizards
  16 kobolds
  A quokka skeleton (D:4)
  11 rats
282 creatures vanquished.

Vanquished Creatures (others)
  4 toadstools (D:8)
4 creatures vanquished.

Grand Total: 286 creatures vanquished

Notes
Turn   | Place    | Note
-------+----------+-------------------------------------------
     0 | D:1      | Aurelien the Hill Orc Fighter began the quest for the Orb.
     0 | D:1      | Reached XP level 1. HP: 19/19 MP: 1/1
    22 | D:1      | Noticed a merfolk zombie
   245 | D:1      | Reached XP level 2. HP: 27/27 MP: 2/2
   926 | D:2      | Reached XP level 3. HP: 19/33 MP: 3/3
  1148 | D:2      | Reached skill level 4 in Fighting
  1295 | D:2      | Found a sacrificial altar of Ru.
  1421 | D:2      | Reached XP level 4. HP: 33/40 MP: 4/4
  2332 | D:3      | Reached XP level 5. HP: 24/46 MP: 5/5
  2587 | D:3      | Noticed appiemonkey's ghost (amateur OpFi)
  2591 | D:3      | Found a runed translucent door.
  2764 | D:3      | Reached XP level 6. HP: 49/53 MP: 6/6
  3082 | D:3      | Killed appiemonkey's ghost
  3082 | D:3      | Reached skill level 1 in Dodging
  3329 | D:3      | HP: 2/53 [poisoned by an adder]
  3335 | D:3      | HP: 2/53 [poisoned by an adder]
  3660 | D:4      | Reached skill level 5 in Long Blades
  3660 | D:4      | Reached XP level 7. HP: 48/60 MP: 7/7
  3745 | D:4      | Found a radiant altar of Vehumet.
  3747 | D:4      | Identified Vehumet's Compendium of Arcane Weapons
  3750 | D:4      | Found an ancient bone altar of Kikubaaqudgha.
  3751 | D:4      | Found a deep blue altar of Sif Muna.
  3818 | D:4      | Reached skill level 5 in Armour
  4204 | D:4      | Reached skill level 5 in Shields
  4216 | D:4      | Reached skill level 5 in Fighting
  4899 | D:5      | Entered Level 5 of the Dungeon
  4969 | D:5      | Reached XP level 8. HP: 50/68 MP: 8/8
  5549 | D:5      | Noticed Dowan
  5551 | D:5      | Noticed Duvessa
  5567 | D:5      | Killed Dowan
  5911 | D:5      | Killed Duvessa
  6038 | D:5      | Got an ebony mace
  6040 | D:5      | Identified the +10 mace of Midnight {crush, *Rage rPois
                  | Dex+9} (You found it on level 5 of the Dungeon)
  6452 | D:6      | Reached skill level 1 in Maces & Flails
  6458 | D:6      | Reached skill level 6 in Fighting
  6553 | D:6      | Found a staircase to the Ecumenical Temple.
  6657 | D:6      | Found a stormy altar of Qazlal.
  6670 | D:6      | Found an iron altar of Okawaru.
  6680 | D:6      | Became a worshipper of Warmaster Okawaru
  6776 | D:6      | Reached XP level 9. HP: 75/75 MP: 9/9
  6800 | D:6      | Found an ornate altar of the Wu Jian Council.
  6907 | Temple   | Entered the Ecumenical Temple
  7459 | D:7      | Found Moiryn's Magic Scroll Emporium.
  7467 | D:7      | Bought a scroll of identify for 20 gold pieces
  7738 | D:7      | Reached * piety under Okawaru
  7738 | D:7      | Reached skill level 7 in Fighting
  7911 | D:8      | Found a hide-covered altar of Uskayaw.
  7915 | D:8      | Noticed a +0 hand axe
  7915 | D:8      | Noticed a +0 hand axe
  7938 | D:8      | Reached ** piety under Okawaru
  7939 | D:8      | Reached XP level 10. HP: 88/88 MP: 10/10
  8073 | D:8      | Found a sand-covered staircase.
  8076 | D:8      | You fall through a shaft for 3 floors!
  8076 | D:11     | Noticed a two-headed ogre
  8078 | D:11     | Noticed a cyclops
  8086 | D:11     | Noticed a cyan ugly thing
  8103 | D:11     | Upgraded the game from 0.23.2-1-ga50397a to
                  | 0.23.2-11-gf996548c65
  8110 | D:11     | Noticed an orc knight
  8521 | D:11     | Reached skill level 8 in Fighting
  8531 | D:11     | Got a crystal long sword
  8532 | D:11     | Identified the +5 long sword "Juobil" {flame, rN+} (You
                  | found it on level 11 of the Dungeon)
  8621 | D:11     | Reached skill level 5 in Maces & Flails
  8692 | D:11     | Noticed a gargoyle
  8702 | D:11     | Killed a gargoyle
  8865 | D:11     | Reached *** piety under Okawaru
  9404 | D:11     | Reached skill level 5 in Dodging
 10032 | D:12     | Reached **** piety under Okawaru
 10133 | D:12     | Found a blossoming altar of Fedhas.
 10136 | D:12     | Found a staircase to the Orcish Mines.
 10141 | D:12     | Found Ytsuk's Jewellery Shoppe.
 10143 | D:12     | Noticed a kobold demonologist
 10143 | D:12     | Noticed a kobold demonologist
 10155 | D:12     | Noticed an orange demon
 10182 | D:12     | Noticed an orange demon
 10187 | D:12     | Killed a kobold demonologist
 10187 | D:12     | Reached skill level 9 in Fighting
 10187 | D:12     | Reached XP level 11. HP: 63/97 MP: 11/11
 10750 | D:13     | Noticed a cyclops
 10761 | D:13     | Killed a cyclops
 10884 | D:13     | Reached ***** piety under Okawaru
 10936 | D:13     | Noticed a vault guard
 10936 | D:13     | Noticed a centaur warrior
 10936 | D:13     | Noticed a vault guard
 10936 | D:13     | Noticed a vault guard
 10999 | D:12     | Killed a vault guard
 10999 | D:12     | Received a gift from Okawaru
 11221 | D:12     | Killed a vault guard
 11308 | D:13     | Noticed a two-headed ogre
 11695 | D:12     | Killed a two-headed ogre
 11695 | D:12     | Received a gift from Okawaru
 11695 | D:12     | Reached skill level 10 in Fighting
 11910 | D:12     | Got an ichor-stained demon whip {god gift}
 11955 | D:13     | Noticed a centaur warrior
 11973 | D:13     | Killed a centaur warrior
 12002 | D:13     | Reached skill level 10 in Armour
 12006 | D:13     | Killed a vault guard
 12369 | D:13     | Found a gate to the Vaults.
 12388 | D:13     | Noticed a vault guard
 12400 | D:13     | Noticed a deep elf mage
 12402 | D:13     | Killed a vault guard
 12402 | D:13     | Reached XP level 12. HP: 85/107 MP: 12/12
 12695 | D:13     | Killed a centaur warrior
 12695 | D:13     | Reached skill level 10 in Shields
 13240 | D:14     | Noticed a six-headed hydra
 13255 | D:14     | Killed a one-headed hydra
 13255 | D:14     | Received a gift from Okawaru
 13258 | D:14     | Got a pair of twisted gloves {god gift}
 13269 | D:14     | Identified the +1 pair of gloves of the Engineer {Int+3
                  | Stlth+} (Okawaru gifted it to you on level 14 of the
                  | Dungeon)
 13784 | D:14     | Noticed a rakshasa
 13852 | D:14     | Killed a rakshasa
 14000 | D:14     | Noticed a centaur warrior
 14015 | D:14     | Killed a centaur warrior
 14015 | D:14     | Reached skill level 11 in Fighting
 14135 | D:14     | Noticed Frances
 14148 | D:14     | Noticed Rupert
 14152 | D:14     | Paralysed by Rupert for 6 turns
 14181 | D:14     | Slain by Rupert

Skill      XL: |  1  2  3  4  5  6  7  8  9 10 11 12 |
---------------+-------------------------------------+-----
Fighting       | 4 5 6 7 9 10 11 | 11.0
Shields        | 4 5 6 7 8 9 10 | 10.4
Long Blades    | 3 4 5 6 8 9 |  9.2
Armour         | 4 5 6 7 9 10 | 10.7
Dodging        | 1 2 4 5 6 7 |  7.0
Maces & Flails | 2 4 6 |  6.0
Axes           | |  0.3
Stealth        | |  0.2

Action                   |  1- 3 |  4- 6 |  7- 9 | 10-12 || total
-------------------------+-------+-------+-------+-------++-------
Melee: Long sword        |   112 |   199 |   181 |   463 ||   955
       Hand axe          |       |    12 |       |       ||    12
       Mace              |       |       |   127 |    82 ||   209
Invok: Heroism           |       |       |       |     3 ||     3
Evoke: Wand              |       |       |     2 |       ||     2
  Use: Scroll            |       |     6 |     3 |     4 ||    13
       Potion            |       |     1 |     1 |     5 ||     7
  Eat: Chunk             |     2 |    24 |     7 |    12 ||    45
       Ration            |       |       |     1 |     4 ||     5
Armor: Scale mail        |    66 |    93 |    62 |       ||   221
       Chain mail        |       |       |    20 |       ||    20
       Plate armour      |       |       |    28 |   285 ||   313
Dodge: Dodged            |    31 |    46 |   128 |   232 ||   437
Block: Shield            |    73 |   106 |   187 |   384 ||   750
       Rpst.: Long sword |     8 |    14 |    23 |    51 ||    96
